 Dungeon Crawl Stone Soup version 0.27.0-1-g7a089689b8 (webtiles) character file.

Game seed: 10034016057033805494

123 graki42 the Grave Robber (level 4, 0/30 HPs)
             Began as a Mummy Necromancer on Aug 12, 2021.
             Slain by a jackal (2 damage)
             ... on level 3 of the Dungeon.
             The game lasted 00:05:44 (2853 turns).

graki42 the Grave Robber (Mummy Necromancer)        Turns: 2853, Time: 00:05:45

Health: 0/30       AC:  2    Str: 11    XL:     4   Next: 79%
Magic:  10/10      EV: 12    Int: 15    God:
Gold:   71         SH:  0    Dex: 12    Spells: 10/11 levels left

rFire    x . .     SeeInvis .   g - +2 dagger (venom)
rCold    + . .     Faith    .   (no shield)
rNeg     + + +     Spirit   .   a - +0 robe
rPois    ∞         Reflect  .   (no helmet)
rElec    .         Harm     .   (no cloak)
rCorr    .         Rampage  .   (no gloves)
Will     .....                  (no boots)
Stlth    ++........             (no amulet)
HPRegen  0.10/turn              (no ring)
MPRegen  0.12/turn              (no ring)

@: no status effects
A: cold resistance 1, negative energy resistance 3, torment resistance 2, heat
vulnerability 1, no potions
a: no special abilities


You were on level 3 of the Dungeon.
You visited 1 branch of the dungeon, and saw 3 of its levels.

You collected 71 gold pieces.

Inventory:

Hand Weapons
 g - a +2 dagger of venom (weapon)
Armour
 a - a +0 robe (worn)
Magical Staves
 d - a staff of earth
Scrolls
 b - a scroll of identify {unknown}
 e - a scroll of brand weapon {unknown}
 f - a scroll of fog {unknown}


   Skills:
 - Level 2.0 Dodging
 - Level 2.0 Stealth
 + Level 4.4 Spellcasting
 + Level 5.0 Necromancy


You had 10 spell levels left.
You knew the following spells:

 Your Spells              Type           Power      Damage    Failure   Level
a - Pain                  Necr           72%        1d7       2%          1

Your spell library contained the following spells:

 Spells                   Type           Power      Damage    Failure   Level
 Animate Skeleton         Necr           36%        N/A       2%          1
 Vampiric Draining        Necr           9%         2d7       6%          3
 Animate Dead             Necr           9%         N/A       22%         4
 Dispel Undead            Necr           18%        3d11      22%         4
 Static Discharge         Conj/Air       3%         N/A       26%         2
 Agony                    Necr           18%        N/A       52%         5
 Sticky Flame             Conj/Fire      3%         2d3       86%         4


Dungeon Overview and Level Annotations

Branches:
Dungeon (3/15)

Altars:
Ashenzari
The Shining One

Shops:
D:1 (

Annotations:
D:3 Ijyb


Innate Abilities, Weirdness & Mutations

You are immune to poison.
Your flesh is cold resistant. (rC+)
You are immune to negative energy. (rN+++)
You are immune to unholy pain and torment.
You are vulnerable to heat. (rF-)
You do not drink.


Message History

The jackal closely misses you.
Ijyb the Twisted Goblin comes into view.
She is wielding a +0 club and carrying a wand of mindburst (12).
You closely miss the jackal.
The jackal is almost dead.
The jackal bites you. x2; The jackal barely misses you.
The jackal misses you. The jackal bites you.
Unknown command.
Unknown command.
The jackal bites you. The jackal closely misses you.
You miss the jackal.
The jackal bites you but does no damage.
You hit the jackal.
The jackal is severely wounded.
The jackal bites you.
You hit the jackal.
The jackal is poisoned.
The jackal is almost dead.
You kill the jackal!
Something unseen opens the door.
The jackal closely misses you.
You hit the jackal but do no damage.
The jackal is poisoned.
The jackal is almost dead.
The jackal barely misses you.
Ijyb zaps a wand.
Your mind is blasted!
* * * LOW HITPOINT WARNING * * *
Unknown command.
You hit the jackal.
You kill the jackal!
Ijyb zaps a wand.
You struggle to resist.
The jackal misses you.
You closely miss the jackal.
The jackal bites you but does no damage.
Ijyb zaps a wand.
Your mind is blasted!
* * * LOW HITPOINT WARNING * * *
Unknown command.
Throw: throwing net
Press: ? - help, Q - select action, (/) - cycle Shift-Dir - straight line, f - Ijyb
Aim: Ijyb, wielding a +0 club, wearing a +0 leather armour and carrying a wand of mindburst (9) (47% to hit)
You throw a throwing net. The throwing net hits Ijyb.
Ijyb is caught in the net!
The jackal barely misses you.
Ijyb struggles against the net.
The jackal bites you.
You die...

####...####
#⌠.#.'#..⌠#
#......†g.# #
#........##### .#
.....#......g#...#..#
.#.. +..._...'.....#
#.#. #.....hh#.....#
#.## ##.......#h###.#
... #........†#@...#
#..#⌠.##+##.⌠#..###
#.#.##....##..##
#........#....#
###......#..###
#..##+##.##
#........# #.########
#<#


You could see Ijyb (caught) and a jackal.

Vanquished Creatures
  A crimson imp (D:3)
  An iguana (D:3)
  An adder (D:2)
  A worm (D:3)
  A dart slug (D:3)
  5 bats
  4 endoplasms
  3 goblins
  2 hobgoblins
  4 jackals
  4 quokkas
  2 ball pythons
  3 frilled lizards
  A goblin skeleton (D:3)
  2 hobgoblin zombies (D:3)
  3 kobolds
  A kobold skeleton (D:3)
  2 kobold zombies (D:3)
  An orc skeleton (D:3)
  An orc zombie (D:3)
  6 rats
49 creatures vanquished.

Vanquished Creatures (others)
  A fungus (D:1)
  A plant (D:1)
2 creatures vanquished.

Grand Total: 51 creatures vanquished

Notes
Turn   | Place    | Note
-------+----------+-------------------------------------------
     0 | D:1      | graki42 the Mummy Necromancer began the quest for the Orb.
     0 | D:1      | Reached XP level 1. HP: 13/13 MP: 4/4
   299 | D:1      | Found Piala's Antique Weapon Boutique.
   885 | D:1      | Found a faded altar of an unknown god.
   947 | D:1      | Reached XP level 2. HP: 16/19 MP: 5/5
  1713 | D:2      | Reached XP level 3. HP: 22/24 MP: 7/7
  2568 | D:3      | Reached XP level 4. HP: 15/30 MP: 10/10
  2815 | D:3      | Found a broken altar of Ashenzari.
  2837 | D:3      | Reached skill level 5 in Necromancy
  2840 | D:3      | Noticed Ijyb
  2853 | D:3      | Slain by a jackal

Illustrated notes

Levels and vault maps discovered:
D:1:      dpeg_arrival_central, layout_loops_corners,
          dreamdust_ecumenical_altar_grove, serial_shops, nicolae_shop_stone
D:2:      layout_basic
D:3:      layout_loops_ring, evilmike_ruin_ashenzari,
          nicolae_tso_besieged_by_evil, biasface_ghost_orc_armoury, uniq_ijyb

Skill      XL: |  1  2  3  4 |
---------------+-------------+-----
Spellcasting   | 3 4 |  4.4
Stealth        | 2 |  2.0
Dodging        | 2 |  2.0
Necromancy     | 5 |  5.0

Action                   |  1- 3 |  4- 6 || total
-------------------------+-------+-------++-------
Melee: War axe           |    46 |       ||    46
       Dagger            |    74 |    13 ||    87
Throw: Throwing net      |       |     1 ||     1
 Cast: Pain              |    14 |       ||    14
 Stab: Sleeping          |     2 |     1 ||     3
Armor: Robe              |    29 |     4 ||    33
Dodge: Dodged            |   103 |    14 ||   117
